 Dungeon Crawl Stone Soup version 0.21.1-1-g345015f (webtiles) character file.

14 tidbits the Grave Robber (level 2, 6/20 HPs)
             Began as a Gnoll Necromancer on June 25, 2018.
             Quit the game on level 2 of the Dungeon.
             The game lasted 00:01:13 (124 turns).

tidbits the Grave Robber (Gnoll Necromancer)         Turns: 124, Time: 00:01:13

Health: 6/20       AC:  3    Str: 10    XL:     2   Next: 45%
Magic:  1/7        EV: 14    Int: 17    God:
Gold:   0          SH:  0    Dex: 15    Spells: 9/10 levels left

rFire    . . .     SeeInvis .   a - +0 dagger
rCold    . . .     Gourm    .   (no shield)
rNeg     . . .     Faith    .   d - +1 robe
rPois    .         Spirit   .   (no helmet)
rElec    .         Reflect  .   (no cloak)
rCorr    .         Harm     +   (no gloves)
MR       .....                  (no boots)
Stlth    +++.......             e - amulet of harm
HPRegen  0.06/turn              (no ring)
MPRegen  0.10/turn              (no ring)

@: no status effects
A: distributed training, fangs 1, strong nose
a: no special abilities


You were on level 2 of the Dungeon.
You were not hungry.

You visited 1 branch of the dungeon, and saw 2 of its levels.

Inventory:

Hand Weapons
 a - a +0 dagger (weapon)
Armour
 d - a +1 robe (worn)
Jewellery
 e - an amulet of harm (around neck)
   (You found it on level 2 of the Dungeon)
Books
 b - a book of Necromancy

   Spells                             Type                      Level
   a - Pain                           Necromancy                   1
   b - Animate Skeleton               Necromancy                   1
   c - Vampiric Draining              Necromancy                   3
   d - Regeneration                   Charms/Necromancy            3
   e - Animate Dead                   Necromancy                   4
   f - Borgnjor's Vile Clutch         Necromancy/Earth             5
Comestibles
 c - a ration


   Skills:
 + Level 0.4 Fighting
 + Level 0.4 Short Blades
 + Level 0.4 Long Blades
 + Level 0.4 Axes
 + Level 0.4 Maces & Flails
 + Level 0.4 Polearms
 + Level 0.4 Staves
 + Level 0.4 Slings
 + Level 0.4 Bows
 + Level 0.4 Crossbows
 + Level 0.4 Throwing
 + Level 0.4 Armour
 + Level 4.5 Dodging
 + Level 4.1 Stealth
 + Level 0.4 Shields
 + Level 0.4 Unarmed Combat
 + Level 4.9 Spellcasting
 + Level 0.2 Conjurations
 + Level 0.2 Hexes
 + Level 0.2 Charms
 + Level 0.2 Summonings
 + Level 7.0 Necromancy
 + Level 0.2 Translocations
 + Level 0.2 Transmutations
 + Level 0.2 Fire Magic
 + Level 0.2 Ice Magic
 + Level 0.2 Air Magic
 + Level 0.2 Earth Magic
 + Level 0.2 Poison Magic
 + Level 0.5 Invocations
 + Level 0.4 Evocations


You had 9 spell levels left.
You knew the following spells:

 Your Spells              Type           Power        Failure   Level  Hunger
a - Pain                  Necr           ####         1%          1    None


Dungeon Overview and Level Annotations

Branches:
Dungeon (2/15)

Altars:

Annotations:
D:2 Natasha


Innate Abilities, Weirdness & Mutations

Your experience applies equally to all skills.
You have very sharp teeth.
Your uncanny sense of smell can sniff out nearby items.


Message History

Adjust to which letter? (? for menu, Esc to quit)
a - a +0 dagger (weapon);
d - a +0 robe (worn)
You see here a dented jasper amulet.
e - a dented jasper amulet Put on which piece of jewellery? (? for menu, Esc to quit)
e - an amulet of harm (around neck)
Found 12 stones.
Unknown command.
You see here 12 stones.
Unknown command.
A goblin comes into view. It is wielding a dagger.
Casting: Pain
Confirm with . or Enter, or press ? or * to list all spells.
Aiming: Pain
Press: ? - help, Shift-Dir - straight line, f - goblin
Aim: a goblin, wielding a dagger (resting, chance to defeat MR: 93%)
The goblin shouts!
The goblin writhes in agony!
You kill the goblin!
Found a scroll labeled YCLADA MOPA.
A ball python comes into view.
The ball python hisses angrily.
Casting: Pain
Confirm with . or Enter, or press ? or * to list all spells.
Aiming: Pain
Press: ? - help, Shift-Dir - straight line, f - ball python
Aim: a ball python (chance to defeat MR: 93%)
The ball python barely resists.
Casting: Pain
Confirm with . or Enter, or press ? or * to list all spells.
Aiming: Pain
Press: ? - help, Shift-Dir - straight line, f/p - ball python
Aim: a ball python (chance to defeat MR: 93%)
The ball python writhes in agony!
You kill the ball python!
You see here a scroll labeled YCLADA MOPA.
f - a scroll labeled YCLADA MOPA A leopard gecko and a worm come into view.
Found 5 gold pieces.
Casting: Pain
Confirm with . or Enter, or press ? or * to list all spells.
Aiming: Pain
Press: ? - help, Shift-Dir - straight line, f - worm
Aim: a worm (resting, chance to defeat MR: 89%)
The worm writhes in agony!
Casting: Pain
Confirm with . or Enter, or press ? or * to list all spells.
Aiming: Pain
Press: ? - help, Shift-Dir - straight line, f/p - worm
Aim: a worm (lightly wounded, chance to defeat MR: 89%)
The worm barely resists.
Casting: Pain
Confirm with . or Enter, or press ? or * to list all spells.
Aiming: Pain
Press: ? - help, Shift-Dir - straight line, f/p - worm
Aim: a worm (lightly wounded, chance to defeat MR: 89%)
The worm writhes in agony!
Casting: Pain
Confirm with . or Enter, or press ? or * to list all spells.
Aiming: Pain
Press: ? - help, Shift-Dir - straight line, f/p - worm
Aim: a worm (moderately wounded, chance to defeat MR: 89%)
The worm writhes in agony!
The leopard gecko hisses angrily.
Casting: Pain
Confirm with . or Enter, or press ? or * to list all spells.
Aiming: Pain
Press: ? - help, Shift-Dir - straight line, f/p - worm
Aim: a worm (almost dead, chance to defeat MR: 89%)
The worm writhes in agony!
Casting: Pain
Confirm with . or Enter, or press ? or * to list all spells.
You don't have enough magic to cast that spell.
Casting: Pain
Confirm with . or Enter, or press ? or * to list all spells.
Aiming: Pain
Press: ? - help, Shift-Dir - straight line, f/p - worm
Aim: a worm (almost dead, chance to defeat MR: 89%)
The worm writhes in agony!
You kill the worm!
Unknown command.
The leopard gecko misses you.
An orc comes into view.
Casting: Pain
Confirm with . or Enter, or press ? or * to list all spells.
Aiming: Pain
Press: ? - help, Shift-Dir - straight line, f - leopard gecko
Aim: a leopard gecko (clinging, chance to defeat MR: 93%)
The leopard gecko writhes in agony!
You kill the leopard gecko!
An orc warrior and Natasha come into view.
The orc shouts!
You hear a shout! x2
Natasha mumbles some strange words. 2 orcs come into view.
As you read the scroll labeled YCLADA MOPA, it crumbles to dust.
It is a scroll of enchant armour.
Your +0 robe glows green for a moment.
The orc misses you.
A frilled lizard comes into view.
The frilled lizard moves out of view.
Are you sure you want to abandon this character and quit the game? (Confirm with "yes".)

# 5 $. . .# .. #.##
## h# .. #.#. .##.#
#. ...#h5. #. #.oo#
#†### #.#
#.#.#########.###.#
∆
#..#.......@o....#
#.#.#############.#
#.#.# #l#.#
#.#.#######
#.#.......#
#.#######.# ∆ ..
#.# #.# ∆


You could see an orc warrior.

Vanquished Creatures
  A worm (D:2)
  A dart slug (D:2)
  A leopard gecko (D:2)
  A goblin (D:2)
  3 jackals (D:1)
  A ball python (D:2)
8 creatures vanquished.

Notes
Turn   | Place    | Note
-------+----------+-------------------------------------------
     0 | D:1      | tidbits the Gnoll Necromancer began the quest for the Orb.
     0 | D:1      | Reached XP level 1. HP: 13/13 MP: 6/6
    18 | D:2      | Reached XP level 2. HP: 9/19 MP: 0/7
   117 | D:2      | Noticed Natasha
   117 | D:2      | Noticed an orc warrior
   124 | D:2      | Quit the game

Action                   || total
-------------------------++-------
Melee: Unarmed           ||     2
 Cast: Pain              ||    17
  Use: Scroll            ||     1
 Stab: Sleeping          ||     1
Dodge: Dodged            ||     5

Table legend:
 A = Turns spent in this place as a percentage of turns spent in the entire game.
 B = Non-inter-level travel turns spent in this place as a percentage of non-inter-level travel turns spent in the entire game.
 C = Inter-level travel turns spent in this place as a percentage of turns spent in this place.
 D = Turns resting spent in this place as a percentage of non-inter-level travel turns spent in this place.
 E = Turns spent auto-exploring this place as a percentage of non-inter-level travel turns spent in this place.
 F = Non-inter-level travel turns spent in this place divided by the number of levels of this place that you've seen.
                   A       B       C       D       E      F
               +-------+-------+-------+-------+-------+----------------------
         Total | 100.0 | 100.0 |   0.0 |   0.0 |   0.0 |  62.0
       Dungeon | 100.0 | 100.0 |   0.0 |   0.0 |   0.0 |  62.0
               +-------+-------+-------+-------+-------+----------------------

Table legend:
 A = Kills in this place as a percentage of kills in entire the game.
 B = Kills by you in this place as a percentage of kills by you in the entire game.
 C = Kills by friends in this place as a percentage of kills by friends in the entire game.
 D = Other kills in this place as a percentage of other kills in the entire game.
 E = Experience gained in this place as a percentage of experience gained in the entire game.
 F = Experience gained in this place divided by the number of levels of this place that you have seen.
                   A       B       C       D       E      F
               +-------+-------+-------+-------+-------+----------------------
         Total | 100.0 | 100.0 |   N/A |   N/A | 100.0 |  10.5
       Dungeon | 100.0 | 100.0 |   N/A |   N/A | 100.0 |  10.5
               +-------+-------+-------+-------+-------+----------------------

Vault maps used:
D:1:      dpeg_arrival_tiny_d, serial_bayou_lagoon_b
D:2:      okawaru_altar_gauntlet_db, uniq_natasha
